 Dungeon Crawl Stone Soup version 0.23.0-3-gf3c87f2 (webtiles) character file.

Game seed: 16931549652643113299

343 misha the Poker (level 6, -5/47 HPs)
             Began as a Merfolk Gladiator on Feb 23, 2019.
             Killed from afar by a white imp (9 damage)
             ... with a puff of frost
             ... summoned by Natasha
             ... on level 3 of the Dungeon.
             The game lasted 00:11:51 (4226 turns).

misha the Poker (Merfolk Gladiator)                 Turns: 4226, Time: 00:11:52

Health: -5/47      AC:  6    Str: 17    XL:     6   Next: 57%
Magic:  6/6        EV: 11    Int:  7    God:
Gold:   142        SH:  8    Dex: 15    Spells: 5/5 levels left

rFire    + . .     SeeInvis .   b - +0 blowgun
rCold    . . .     Gourm    .   j - +0 shield
rNeg     . . .     Faith    .   x - +2 leather armour {rF+}
rPois    .         Spirit   .   c - +0 helmet
rElec    .         Reflect  .   (no cloak)
rCorr    .         Harm     .   (no gloves)
MR       .....                  (no boots)
Stlth    ++........             (no amulet)
HPRegen  0.15/turn              (no ring)
MPRegen  0.10/turn              (no ring)

@: slowed, very slow
A: change form in water, swift swim, stealthy swim
a: no special abilities


You were on level 3 of the Dungeon.
You were not hungry.

You visited 1 branch of the dungeon, and saw 3 of its levels.

You collected 142 gold pieces.

Inventory:

Hand Weapons
 a - a +0 trident
 b - a +0 blowgun (weapon)
Missiles
 d - a throwing net (quivered)
 k - 31 sling bullets
 l - 120 stones
 m - 24 bolts
 w - 2 poisoned needles
Armour
 c - a +0 helmet (worn)
 j - a +0 shield (worn)
 v - a +0 leather armour
 x - a +2 leather armour of fire resistance (worn)
Wands
 u - a wand of random effects (17)
Scrolls
 e - 5 scrolls of fog
 g - 4 scrolls of remove curse
 i - 6 scrolls of identify
 o - a scroll of blinking {unknown}
 r - a scroll of amnesia {unknown}
 s - a scroll of magic mapping {unknown}
 t - a scroll of teleportation {unknown}
Potions
 h - a potion of curing
 n - a potion of invisibility {unknown}
 p - a potion of brilliance {unknown}
 q - a potion of heal wounds {unknown}
 z - a potion of ambrosia {unknown}
Comestibles
 f - 4 rations


   Skills:
 + Level 3.3 Fighting
 + Level 7.3 Polearms
 + Level 2.7 Throwing
 + Level 1.4 Armour
 + Level 4.7 Dodging
 + Level 1.9 Stealth
 + Level 1.3 Shields


You had 5 spell levels left.
You didn't know any spells.
Your spell library was empty.

Dungeon Overview and Level Annotations

Branches:
Dungeon (3/15)

Altars:
Vehumet
The Shining One

Annotations:
D:3 Natasha


Message History

You strike the helpless Natasha from behind!
You clumsily bash Natasha but do no damage.
Natasha is severely wounded.
Natasha struggles against the net.
The iron imp misses you. The white imp closely misses you.
Natasha struggles against the net.
You block the white imp's attack.
The iron imp shouts, "Fly, thou erky guts-griping flim-flammer!"
The iron imp hits you.
* * * LOW HITPOINT WARNING * * *
Natasha struggles against the net.
Your shield prevents you from hitting Natasha.
Natasha is severely wounded.
The iron imp disappears in a puff of smoke!
The white imp laughs crazily.
The white imp closely misses you.
Natasha struggles against the net.
The white imp spits at you. You block the white imp's attack.
The white imp gestures at you. The puff of frost hits you!
You die...

###....).....#.#
#....#.#####.#.#
#....#.....#.#.#
#..).#####.#.#.##############
#....# #.#.#.##............
#....# #.#.#.##.###########
#....# #...#.##).......# #
##....## #.5##.##.......<# #
#.).)..# #..@h(##.......)## #
######.####...5.((.####....#
# #....)...........#.# #....#
# #.####.#########.#.# #....#
# #.................## #....#
######.#########..# #....#
#.#####......#####....#
#.....................#
#.....#.####.#####.#.##


You could see Natasha (caught) and 2 white imps.

Vanquished Creatures
  A sky beast (D:3)
  Ijyb (D:3)
  An iguana (D:3)
  Natasha (twice) (D:3)
  5 adders
  3 gnolls (D:3)
  An ooze (D:2)
  2 dart slugs (D:1)
  2 leopard geckos
  2 giant cockroaches (D:2)
  10 goblins
  11 hobgoblins
  5 jackals (D:2)
  9 kobolds
  A quokka (D:2)
  A ball python (D:2)
  9 bats
  4 frilled lizards
  3 rats
73 creatures vanquished.

Notes
Turn   | Place    | Note
-------+----------+-------------------------------------------
     0 | D:1      | misha the Merfolk Gladiator began the quest for the Orb.
     0 | D:1      | Reached XP level 1. HP: 16/16 MP: 1/1
   102 | D:1      | Reached skill level 5 in Polearms
   102 | D:1      | Reached XP level 2. HP: 23/23 MP: 2/2
  1211 | D:2      | Reached XP level 3. HP: 28/28 MP: 3/3
  1686 | D:2      | Found a glowing golden altar of the Shining One.
  1829 | D:2      | Reached XP level 4. HP: 30/34 MP: 4/4
  1856 | D:2      | Found a radiant altar of Vehumet.
  2129 | D:3      | Reached skill level 1 in Stealth
  2153 | D:3      | Reached skill level 6 in Polearms
  2478 | D:3      | Reached XP level 5. HP: 39/39 MP: 5/5
  2548 | D:3      | Noticed Ijyb
  2581 | D:3      | Killed Ijyb
  2581 | D:3      | Reached skill level 1 in Armour
  2581 | D:3      | Reached skill level 1 in Shields
  3001 | D:3      | Noticed Natasha
  3013 | D:3      | Killed Natasha
  3014 | D:3      | Reached skill level 7 in Polearms
  3692 | D:3      | Reached XP level 6. HP: 46/46 MP: 6/6
  3740 | D:3      | Noticed a sky beast
  3770 | D:3      | Killed a sky beast
  4004 | D:3      | Noticed Natasha
  4016 | D:3      | Killed Natasha
  4205 | D:3      | Noticed Natasha
  4226 | D:3      | Killed from afar by a white imp

Skill      XL: |  1  2  3  4  5  6 |
---------------+-------------------+-----
Polearms       | 5 6 7 |  7.3
Stealth        | 1 |  1.9
Armour         | 1 |  1.4
Shields        | 1 |  1.3
Fighting       | 3 |  3.3
Throwing       | |  2.7
Dodging        | |  4.7

Action                   |  1- 3 |  4- 6 || total
-------------------------+-------+-------++-------
Melee: Trident           |   115 |   140 ||   255
       Tailslap          |     1 |       ||     1
       Blowgun           |       |     8 ||     8
 Fire: Blowgun           |       |    54 ||    54
Throw: Throwing net      |       |     2 ||     2
  Use: Scroll            |     3 |       ||     3
 Stab: Sleeping          |     2 |     3 ||     5
       Held in net/web   |       |     2 ||     2
  Eat: Chunk             |     2 |     3 ||     5
       Ration            |       |     2 ||     2
Armor: Leather armour    |    24 |    23 ||    47
Dodge: Dodged            |    59 |    72 ||   131
Block: Shield            |    31 |    63 ||    94
